 Dungeon Crawl Stone Soup version 0.27.0-1-g7a089689b8 (webtiles) character file.

Game seed: 1204254294464461334

14386 Majang the Thaumaturge (level 12, -5/71 HPs)
             Began as a Gargoyle Earth Elementalist on July 30, 2021.
             Was a Believer of Vehumet.
             Slain by an eight-headed hydra (8 damage)
             ... on level 2 of the Lair of Beasts on July 31, 2021.
             The game lasted 01:28:53 (17636 turns).

Majang the Thaumaturge (GrEE)                      Turns: 17636, Time: 01:28:54

Health: -5/71      AC: 12    Str: 14    XL:     12   Next: 16%
Magic:  13/25      EV: 13    Int: 19    God:    Vehumet [**....]
Gold:   535        SH:  0    Dex: 10    Spells: 13/29 levels left

rFire    . . .     SeeInvis .   o - +5 quarterstaff
rCold    . . .     Faith    .   (shield currently unavailable)
rNeg     + . .     Spirit   .   b - +0 robe
rPois    ∞         Reflect  .   (no helmet)
rElec    +         Harm     .   u - +0 cloak
rCorr    .         Rampage  .   (no gloves)
Will     .....                  x - +0 pair of boots
Stlth    ++........             (no amulet)
HPRegen  0.21/turn              (no ring)
MPRegen  0.19/turn              (no ring)

@: no status effects
A: sickness immunity, AC +8, negative energy resistance 1, electricity
resistance, torment resistance 1, petrification resistance
a: Renounce Religion


You were on level 2 of the Lair of Beasts.
You worshipped Vehumet.
Vehumet was pleased with you.
You visited 3 branches of the dungeon, and saw 13 of its levels.
You also visited: Bailey.

You collected 571 gold pieces.
You spent 36 gold pieces at shops.

Inventory:

Hand Weapons
 o - a +5 quarterstaff (weapon)
Missiles
 c - 70 stones
 v - a throwing net
Armour
 b - a +0 robe (worn)
 g - a +0 cloak
 u - a +0 cloak (worn)
 x - a +0 pair of boots (worn)
Wands
 i - a wand of paralysis (7)
 s - a wand of polymorph (10)
 w - a wand of digging (4)
 y - a wand of iceblast (1)
 A - a wand of charming (18)
Scrolls
 m - 2 scrolls of fog
 z - a scroll of identify
Potions
 a - 2 potions of flight
 d - 13 potions of ambrosia
 e - 2 potions of brilliance
 f - a potion of lignification
 l - 2 potions of might
 p - a potion of resistance
 q - 6 potions of curing
 r - 3 potions of heal wounds
Miscellaneous
 h - a lightning rod (3/4)


   Skills:
 + Level 6.4 Fighting
 + Level 6.0 Staves
 + Level 5.2 Dodging
 - Level 2.1 Stealth
 * Level 9.3 Spellcasting
 + Level 7.3 Conjurations
 - Level 2.0 Transmutations
 + Level 5.9 Fire Magic
 + Level 9.0 Earth Magic
 + Level 5.4 Evocations


You had 13 spell levels left.
You knew the following spells:

 Your Spells              Type           Power      Damage    Failure   Level
a - Sandblast             Erth           86%        2d18      1%          1
b - Stone Arrow           Conj/Erth      78%        3d11      1%          3
l - Lee's Rapid Deconstr  Erth           21%        3d13*     5%          5
m - Bolt of Magma         Conj/Fire/Erth 18%        4d10      11%         5
w - Passwall              Tmut/Erth      24%        N/A       1%          2

Your spell library contained the following spells:

 Spells                   Type           Power      Damage    Failure   Level
 Searing Ray              Conj           72%        3d6       1%          2
 Magic Dart               Conj           100%       1d8       1%          1
 Petrify                  Tmut/Erth      29%        N/A       9%          4
 Slow                     Hex            8%         N/A       12%         2
 Leda's Liquefaction      Hex/Erth       13%        N/A       12%         4
 Call Canine Familiar     Summ           8%         N/A       24%         3
 Confusing Touch          Hex            8%         N/A       24%         3
 Portal Projectile        Hex/Tloc       16%        N/A       24%         3
 Summon Guardian Golem    Hex/Summ       8%         N/A       24%         3
 Yara's Violent Unravell  Hex/Tmut       6%         3d5       83%         5
 Orb of Destruction       Conj           18%        9d8       98%         7
 Spellforged Servitor     Conj/Summ      11%        N/A       100%        7
 Statue Form              Tmut/Erth      Unusable   N/A       N/A         6

Dungeon Overview and Level Annotations

Branches:
Dungeon (10/15)            Temple (1/1) D:4            Lair (2/6) D:8
 Bailey (visited)
  Swamp: Lair:2-4    Shoals: Lair:2-4     Snake: Lair:2-4    Spider: Lair:2-4
    Orc: D:9-12

Altars:
Ashenzari
Cheibriados
Dithmenos
Elyvilon
Fedhas
Gozag
Hepliaklqana
Kikubaaqudgha
Makhleb
Nemelex Xobeh
Okawaru
Qazlal
Ru
Sif Muna
Trog
Uskayaw
Vehumet
Wu Jian
Xom
Yredelemnul
Zin
The Shining One
Beogh

Shops:
D:4 *

Annotations:
D:8 1 runed translucent door, Torax's ghost, novice DECj
D:10 Josephine


Innate Abilities, Weirdness & Mutations

You are immune to sickness and miasma.
Your stone body is resilient. (AC +8)
You are immune to poison.
You resist negative energy. (rN+)
You are resistant to electric shocks. (rElec)
You are resistant to unholy torment.
You are immune to petrification.


Message History

The wolf bites you.
You hear an angry hiss.
You miss the wolf.
The wolf is almost dead.
The wolf completely misses you.
You miss the wolf.
The wolf is almost dead.
The wolf bites you but does no damage. The wolf barely misses you.
Casting: Bolt of Magma (dangerous; 11% risk of failure)
Confirm with . or Enter, or press ? or * to list all spells.
Aiming: Bolt of Magma (dangerous; 11% risk of failure)
Press: ? - help, Shift-Dir - straight line, f - eight-headed hydra
Aim: an eight-headed hydra (89% to hit)
The bolt of magma hits the eight-headed hydra!
The eight-headed hydra is lightly wounded.
The wolf bites you but does no damage.
A water moccasin comes into view.
The wolf closely misses you. The eight-headed hydra bites you.
The eight-headed hydra bites you but does no damage.
The eight-headed hydra bites you.
The eight-headed hydra closely misses you.
The eight-headed hydra bites you but does no damage.
The eight-headed hydra bites you. x3
Casting: Bolt of Magma (dangerous; 11% risk of failure)
Confirm with . or Enter, or press ? or * to list all spells.
Aiming: Bolt of Magma (dangerous; 11% risk of failure)
Press: ? - help, Shift-Dir - straight line, f/p - eight-headed hydra
Aim: an eight-headed hydra (lightly wounded, 89% to hit)
The bolt of magma hits the eight-headed hydra!
The eight-headed hydra is moderately wounded.
The wolf bites you. The eight-headed hydra bites you!
* * * LOW HITPOINT WARNING * * *
The eight-headed hydra bites you.
* * * LOW HITPOINT WARNING * * *
The eight-headed hydra bites you but does no damage.
The eight-headed hydra bites you!
* * * LOW HITPOINT WARNING * * *
The eight-headed hydra bites you but does no damage.
The eight-headed hydra bites you!
You die...

..#<....##.....#####.....
..................#..(###
..........#.....####..P##
............⌠.#.#......#
........#.......##....##
........#.#.....##..S.#
..###.#..##.....###....###
..# ###PD.###+#.###....#.#
...######@#.....##.#..#...
....#.⌠.##h..###.#..⌠..#..
.........#................
....⌠.>.h††..⌠...+..>.⌠##.
.........#.......#.....###
......⌠.##..##.#....⌠...##
....#.#..##.....####.####
..........#.#+.## .# #
.......h.##.....# #


You could see an eight-headed hydra and a wolf.

Vanquished Creatures
  A catoblepas (Lair:1)
  A hydra (Lair:1)
  A two-headed ogre (D:9)
  A black mamba (Lair:1)
  A cane toad (shapeshifter) (D:9)
  2 komodo dragons (Lair:1)
  A troll (D:6)
  A hornet (D:9)
  A queen bee (D:9)
  A shadow (D:9)
  19 yaks
  3 wraiths (D:9)
  Grum (Lair:1)
  5 wyverns
  A steam dragon (D:8)
  5 water moccasins
  Duvessa (D:7)
  A sky beast (D:6)
  2 black bears
  3 orc warriors
  An ice beast (D:8)
  9 wolves
  5 ogres
  3 centaurs
  11 bullfrogs
  2 kobold brigands
  Dowan (D:7)
  8 wights
  28 killer bees
  An electric eel (Bailey)
  6 howler monkeys
  2 centaur zombies
  A bullfrog zombie (D:6)
  3 bullfrog skeletons
  5 hounds
  2 jellies
  2 orc priests (D:8)
  A centaur skeleton (D:5)
  6 orc wizards
  4 iguanas
  2 killer bee zombies
  A hound skeleton (D:4)
  6 gnolls
  4 adders (D:3)
  2 white imps
  An adder zombie (D:5)
  6 worms
  4 dart slugs
  41 orcs
  3 bats
  3 endoplasms
  5 giant cockroaches
  11 goblins
  9 hobgoblins
  3 jackals (D:2)
  17 kobolds
  5 quokkas
  7 ball pythons
  13 frilled lizards
  7 rats
303 creatures vanquished.

Vanquished Creatures (others)
  19 fungi
  21 plants
  2 withered plants (D:8)
42 creatures vanquished.

Grand Total: 345 creatures vanquished

Notes
Turn   | Place    | Note
-------+----------+-------------------------------------------
     0 | D:1      | Majang the Gargoyle Earth Elementalist began the quest for
                  | the Orb.
     0 | D:1      | Reached XP level 1. HP: 10/10 MP: 3/3
   224 | D:1      | Reached skill level 1 in Transmutations
   272 | D:1      | Reached XP level 2. HP: 15/15 MP: 3/5
  1053 | D:1      | Reached XP level 3. HP: 12/19 MP: 7/7
  1057 | D:1      | Learned a level 3 spell: Stone Arrow
  2530 | D:3      | Reached XP level 4. HP: 19/24 MP: 5/8
  2701 | D:3      | Reached skill level 1 in Conjurations
  2970 | D:3      | Found a faded altar of an unknown god.
  3265 | D:3      | Reached XP level 5. HP: 21/28 MP: 2/10
  4151 | D:4      | Learned a level 2 spell: Passwall
  4164 | D:4      | Found a staircase to the Ecumenical Temple.
  4173 | Temple   | Entered the Ecumenical Temple
  4653 | D:4      | Reached XP level 6. HP: 15/32 MP: 12/12
  4849 | D:4      | Found Sifeonol's General Store.
  4868 | D:4      | Reached skill level 5 in Earth Magic
  4985 | D:4      | Found a hazy altar of Hepliaklqana.
  4985 | D:4      | Found a blossoming altar of Fedhas.
  4985 | D:4      | Found an iron altar of Okawaru.
  4985 | D:4      | Found a shimmering altar of Xom.
  5224 | D:4      | Reached XP level 7. HP: 18/37 MP: 7/14
  5651 | D:4      | Bought a scroll of teleportation for 36 gold pieces
  5994 | D:5      | Entered Level 5 of the Dungeon
  6008 | D:5      | Noticed Sigmund
  6183 | D:5      | Reached skill level 1 in Fighting
  6183 | D:5      | Reached skill level 1 in Staves
  6184 | D:5      | Noticed a wyvern
  6185 | D:5      | Reached skill level 5 in Spellcasting
  6402 | D:5      | Reached skill level 1 in Evocations
  6670 | D:5      | Reached skill level 1 in Fire Magic
  6774 | D:5      | Noticed Sigmund
  6774 | D:5      | Sigmund changed into Sigmund the howler monkey
  6782 | D:5      | Killed Sigmund the howler monkey
  6783 | D:5      | Reached XP level 8. HP: 43/43 MP: 13/15
  6934 | D:5      | Killed a wyvern
  7370 | D:6      | Noticed a troll
  7489 | D:6      | Killed a troll
  8080 | D:6      | Reached XP level 9. HP: 41/49 MP: 15/18
  9107 | D:7      | Found a flagged portal.
  9194 | Bailey   | Entered a bailey
  9293 | Bailey   | Found an iron altar of Okawaru.
  9293 | Bailey   | Noticed a kobold demonologist
  9293 | Bailey   | Noticed a kobold demonologist
  9899 | D:7      | Noticed Duvessa
  9901 | D:7      | Noticed Dowan
  9910 | D:7      | Killed Duvessa
  9916 | D:7      | Killed Dowan
 10413 | D:7      | Noticed a moth of wrath
 10416 | D:7      | Found a bloodstained altar of Trog.
 10876 | D:8      | Reached skill level 5 in Conjurations
 11217 | D:8      | Reached XP level 10. HP: 56/56 MP: 14/20
 11358 | D:8      | Found a runed translucent door.
 11358 | D:8      | Noticed Torax's ghost (novice DECj)
 11392 | D:8      | Found a staircase to the Lair.
 11510 | D:8      | Found an ancient bone altar of Kikubaaqudgha.
 11679 | D:8      | Found a shimmering blue altar of Sif Muna.
 11682 | D:8      | Found a radiant altar of Vehumet.
 11687 | D:8      | Got Vehumet's Reference Book on Conjuration
 11689 | D:8      | Became a worshipper of Vehumet
 12028 | D:8      | Reached * piety under Vehumet
 12028 | D:8      | Offered knowledge of Freeze by Vehumet.
 13768 | D:9      | Reached skill level 5 in Fighting
 13804 | D:9      | Noticed a cane toad
 13809 | D:9      | Killed a cane toad
 13926 | D:9      | Noticed a two-headed ogre
 13944 | D:9      | Offered knowledge of Poisonous Vapours by Vehumet.
 13945 | D:9      | Reached XP level 11. HP: 60/63 MP: 14/23
 13958 | D:9      | Reached ** piety under Vehumet
 13962 | D:9      | Killed a two-headed ogre
 14074 | D:9      | Learned a level 5 spell: Lee's Rapid Deconstruction
 14080 | D:9      | Learned a level 5 spell: Bolt of Magma
 14181 | D:9      | Reached skill level 5 in Staves
 14487 | D:9      | Reached skill level 5 in Fire Magic
 14676 | D:10     | Entered Level 10 of the Dungeon
 14676 | D:10     | Noticed Josephine
 15002 | Lair:1   | Entered Level 1 of the Lair of Beasts
 15143 | Lair:1   | Noticed Grum
 15161 | Lair:1   | Killed Grum
 15414 | Lair:1   | Noticed a catoblepas
 15426 | Lair:1   | Killed a catoblepas
 15684 | Lair:1   | Noticed a six-headed hydra
 15693 | Lair:1   | Killed a six-headed hydra
 15694 | Lair:1   | Reached skill level 5 in Evocations
 16631 | Lair:1   | Reached skill level 5 in Dodging
 17130 | Lair:1   | Reached XP level 12. HP: 55/70 MP: 12/25
 17385 | Lair:2   | Offered knowledge of Searing Ray by Vehumet.
 17630 | Lair:2   | Noticed an eight-headed hydra
 17636 | Lair:2   | HP: 3/71 [eight-headed hydra (9)]
 17636 | Lair:2   | Slain by an eight-headed hydra

Illustrated notes

Levels and vault maps discovered:
D:1:      tarquinn_simple_flora_water_d, layout_basic
D:2:      layout_basic
D:3:      layout_loops_ring, dreamdust_ecumenical_altar_angels_and_demons,
          chequers_serial_rivers_large_b, minmay_lizard_king
D:4:      layout_basic, grunt_temple_overflow_open,
          minmay_temple_entry_statues_pillars, serial_shops,
          nicolae_shop_competitors_out_of_business, kennysheep_generic_room_4
D:5:      layout_cave_pools, uniq_sigmund
D:6:      layout_gridville
D:7:      layout_basic, tgw_trog, serial_rivers, chequers_serial_rivers_room_b,
          chequers_serial_rivers_micro_b, chequers_serial_rivers_small_b,
          chequers_serial_rivers_room_a, enter_bailey_5, uniq_duvessa
D:8:      layout_loops_cross, grunt_temple_overflow_magic_moments,
          lair_entry_dummy, special_room [special_room_orc],
          gammafunk_ghost_grave
D:9:      layout_loops_ring, special_room [special_room_bee]
D:10:     layout_basic, david_orc_3, grunt_decor_junction, uniq_josephine
Temple:   dpeg_chambers_temple
Lair:1:   layout_loops_ring, uniq_grum
Lair:2:   layout_chaotic_city, swamp_mist_pool, beast_lair_carwin_9,
          grunt_megastairs_1

Skill      XL: |  1  2  3  4  5  6  7  8  9 10 11 12 |
---------------+-------------------------------------+-----
Transmutations | 1 2 |  2.0
Earth Magic    | 4 5 6 7 8 9 |  9.0
Spellcasting   | 3 4 5 6 7 8 9 |  9.3
Conjurations   | 1 2 3 4 5 6 7 |  7.3
Fighting       | 1 2 4 5 6 |  6.4
Staves         | 1 2 3 4 5 6 |  6.0
Dodging        | 2 3 4 5 |  5.2
Evocations     | 1 2 3 4 5 |  5.4
Fire Magic     | 1 2 3 4 5 |  5.9
Stealth        | |  2.1

Action                   |  1- 3 |  4- 6 |  7- 9 | 10-12 || total
-------------------------+-------+-------+-------+-------++-------
Melee: Club              |   129 |    88 |       |       ||   217
       Short sword       |       |    40 |     3 |       ||    43
       Quarterstaff      |       |       |    77 |   134 ||   211
 Cast: Sandblast         |    22 |    39 |    80 |    86 ||   227
       Passwall          |       |     1 |       |       ||     1
       Stone Arrow       |       |     5 |    70 |   147 ||   222
       Lee's Rapid Decon |       |       |       |    14 ||    14
       Bolt of Magma     |       |       |       |     4 ||     4
Evoke: Wand              |       |       |     4 |    18 ||    22
       Lightning rod     |       |       |       |     2 ||     2
  Use: Scroll            |       |    11 |    10 |     6 ||    27
       Potion            |       |       |       |     3 ||     3
 Stab: Distracted        |     2 |       |       |       ||     2
       Sleeping          |     1 |     3 |     1 |       ||     5
Armor: Robe              |    54 |    65 |    54 |   110 ||   283
Dodge: Dodged            |    82 |    83 |    91 |   216 ||   472
